 Dungeon Crawl Stone Soup version 0.28.0-53-g5a82cb258f (webtiles) character file.

Game seed: 16833193170813946951

187 Peloso the Covered (level 5, -13/43 (47) HPs)
             Began as a Minotaur Fighter on May 28, 2022.
             Mangled by a hell rat (17 damage)
             ... in a sewer.
             The game lasted 00:02:47 (2138 turns).

Peloso the Covered (Minotaur Fighter)               Turns: 2138, Time: 00:02:48

HP:   -13/43 (47)   AC:  7    Str: 21    XL:     5   Next: 39%
MP:   4/4           EV:  9    Int:  5    God:
Gold: 61            SH:  5    Dex: 11    Spells: 4/4 levels left

rFire   . . .      SeeInvis .   a - +0 long sword
rCold   . . .      Faith    .   c - +0 buckler
rNeg    . . .      Spirit   .   b - +0 scale mail
rPois   .          Reflect  .   (helmet restricted)
rElec   .          Harm     .   (no cloak)
rCorr   .          Rampage  .   (no gloves)
Will    .....                   (no boots)
Stlth   ..........              (no amulet)
HPRegen 0.14/turn               (no ring)
MPRegen 0.09/turn               (no ring)

@: drained
A: horns 2, retaliatory headbutt
a: no special abilities


You were in a sewer.
You visited 1 branch of the dungeon, and saw 3 of its levels.
You also visited: Sewer.

You collected 61 gold pieces.

Inventory:

Hand Weapons
 a - a +0 long sword (weapon)
Armour
 b - a +0 scale mail (worn)
 c - a +0 buckler (worn)
Jewellery
 g - a ring of wizardry
Scrolls
 k - 2 scrolls of magic mapping
Potions
 d - 2 potions of might
 e - a potion of curing


   Skills:
 + Level 4.3 Fighting
 + Level 4.7 Long Blades
 + Level 4.8 Armour
 + Level 0.7 Dodging
 + Level 4.4 Shields


You had 4 spell levels left.
You didn't know any spells.
Your spell library was empty.

Dungeon Overview and Level Annotations

Branches:
Dungeon (3/15)              Sewer (1/1)

Altars:


Innate Abilities, Weirdness & Mutations

You have a pair of horns on your head.
You reflexively headbutt those who attack you in melee.


Message History

Moving in this stuff is going to be slow.
You see here a rat corpse.
You enter the shallow water.
Moving in this stuff is going to be slow.
You enter the shallow water.
Moving in this stuff is going to be slow.
You enter the shallow water.
Moving in this stuff is going to be slow.
You enter the shallow water.
Moving in this stuff is going to be slow.
You enter the shallow water.
Moving in this stuff is going to be slow.
You see here a rat corpse.
You open the door.
A hell rat comes into view.
Found four items.
Found a gate leading back out of this place.
A hell rat is nearby!
A hell rat is nearby!
Found a scroll of identify, a potion of curing and an amethyst potion.
There is an open door here.
You hit the hell rat.
You headbutt the hell rat, but do no damage.
The hell rat is lightly wounded.
The hell rat bites you!
You hit the hell rat. Your headbutt misses the hell rat.
The hell rat is moderately wounded.
The hell rat bites you!
You feel drained.
The hell rat splashes around in the water.
You hit the hell rat. Your headbutt misses the hell rat.
The hell rat is heavily wounded.
The hell rat bites you!
* * * LOW HITPOINT WARNING * * *
You feel drained.
* * * LOW HITPOINT WARNING * * *
You closely miss the hell rat.
The hell rat is heavily wounded.
The hell rat splashes around in the water.
The hell rat bites you!
You die...

#########
###..≈≈≈≈≈###
###..≈≈≈..†.≈.###
#..≈†.##@##≈≈.≈≈#
##≈..###≈r≈###.≈.##
#.≈≈##≈≈≈≈≈≈≈##.≈≈#
#..†#..≈≈≈≈≈≈≈#.≈.#
#≈..##≈?!$?!≈##.≈≈#
##≈†≈###!∩!###≈.≈##
#....≈#####≈≈≈.≈#
###≈≈†.≈∩≈.≈≈.###
###≈≈.∩≈..###


You could see a hell rat.

Vanquished Creatures
  6 adders
  5 river rats
  4 worms
  4 dart slugs
  An orc (D:2)
  3 ball pythons (D:1)
  5 endoplasms
  4 giant cockroaches
  3 goblins
  8 hobgoblins
  6 jackals
  2 quokkas
  5 bats (D:1)
  3 frilled lizards
  2 kobolds (D:1)
  10 rats
71 creatures vanquished.

Notes
Turn   | Place    | Note
-------+----------+-------------------------------------------
     0 | D:1      | Peloso the Minotaur Fighter began the quest for the Orb.
     0 | D:1      | Reached XP level 1. HP: 19/19 MP: 0/0
   232 | D:1      | Reached XP level 2. HP: 25/27 MP: 1/1
   785 | D:1      | Reached XP level 3. HP: 33/33 MP: 2/2
  1526 | D:2      | Reached XP level 4. HP: 35/40 MP: 3/3
  1872 | D:3      | Reached XP level 5. HP: 33/46 MP: 4/4
  1888 | D:3      | Found a glowing drain.
  2045 | Sewer    | Entered a sewer
  2138 | Sewer    | Mangled by a hell rat

Illustrated notes

Levels and vault maps discovered:
D:1:      erik_arrival_triangle_medium, layout_basic,
          chequers_serial_rivers_room_b
D:2:      layout_rooms
D:3:      layout_loops_corners, lightli_sewer_entry_pipes,
          nicolae_ecumenical_oubliette
Sewer:    sewer_hellmonk_bad_rat

Skill      XL: |  1  2  3  4 |
---------------+-------------+-----
Shields        | 4 |  4.4
Armour         | 4 |  4.8
Fighting       | 4 |  4.3
Long Blades    | 3 4 |  4.7
Dodging        | |  0.7

Action                   |  1- 3 |  4- 6 || total
-------------------------+-------+-------++-------
Melee: Long sword        |    85 |    69 ||   154
       Headbutt          |    15 |     8 ||    23
  Use: Scroll            |       |     4 ||     4
       Potion            |       |     1 ||     1
Armor: Scale mail        |    56 |    28 ||    84
Dodge: Dodged            |    38 |    23 ||    61
Block: Buckler           |    26 |    20 ||    46
